 Dungeon Sprint DCSS version 0.31-a0-16-g6d2539766c (webtiles) character file.

Game seed: 6505037198340362410

692 sircluck the Fighter (level 7, -2/108 HPs)
             Began as a Hill Orc Fighter on May 8, 2023.
             Was an Initiate of Makhleb.
             Slain by a chaos spawn (4 damage)
             ... summoned by a kobold demonologist
             ... in the Dungeon (Sprint I: "Red Sonja").
             The game lasted 00:01:32 (559 turns).

sircluck the Fighter (Hill Orc Fighter)              Turns: 559, Time: 00:01:33

Health: -2/108     AC: -3    Str: 21    XL:     7   Next: 63%
Magic:  7/7        EV: 10    Int:  8    God:    Makhleb [......]
Gold:   416        SH:  6    Dex: 10    Spells: 6/6 levels left

rFire   + . .        a - +0 war axe
rCold   + . .        c - +0 buckler
rNeg    . . .        b - +0 scale mail
rPois   +            (no helmet)
rElec   +            (no cloak)
rCorr   +            (no gloves)
SInv    .            (no boots)
Will    .....        (no amulet) Stlth
                     (no ring)
HPRegen 0.38/turn    (no ring)
MPRegen 0.10/turn

%: no teleportation
@: berserking, resistant, corroded, very quick
A: no striking features
a: Renounce Religion


You were in the Dungeon.
You worshipped Makhleb.
Makhleb was noncommittal.
You visited 1 branch You collected 416 gold pieces.

Inventory:

Hand Weapons
 a - a +0 war axe (weapon)
Armour
 b - a +0 scale mail (worn)
 c - a +0 buckler (worn)
Wands
 f - a wand of roots (1)
Scrolls
 j - a scroll of blinking
 k - a scroll of fear {unknown}
Potions
 d - 3 potions of might
 e - a potion of curing
 g - a potion of haste
 h - 2 potions of magic


   Skills:
 + Level 10.2 Fighting
 + Level 10.0 Axes
 + Level 9.9 Armour
 + Level 1.8 Dodging
 + Level 9.5 Shields


You had 6 spell levels left.
You didn't know any spells.
Your spell library was empty.

Dungeon Overview and Level Annotations

Branches:
Dungeon (1/1)

Altars:
Cheibriados
Dithmenos
Elyvilon
Fedhas
Gozag
Hepliaklqana
Kikubaaqudgha
Makhleb
Okawaru
Qazlal
Ru
Sif Muna
Trog
Uskayaw
Vehumet
Wu Jian
Xom
Yredelemnul
Zin
The Shining One
Jiyva
Lugonu

Shops:
D *


Message History

You hit the rust devil.
The kobold demonologist mumbles some strange words.
The rust devil hits you! The rust devil corrodes you!
Unknown command.
You slash the rust devil!
You kill the rust devil!
The rust devil disappears in a puff of smoke!
You hit the kobold demonologist. You barely miss the chaos spawn.
The kobold demonologist hits you with a +0 dagger!
The chaos spawn closely misses you.
Unknown command.
You closely miss the kobold demonologist.
The kobold demonologist is heavily wounded.
You hit the iron imp but do no damage. You closely miss the chaos spawn.
The kobold demonologist casts a spell.
The iron imp hits you! The chaos spawn closely misses you.
You hit the kobold demonologist but do no damage.
The kobold demonologist is heavily wounded.
You hit the iron imp but do no damage. You hit the chaos spawn.
The kobold demonologist closely misses you.
The kobold demonologist miscasts a cantrip.
The iron imp closely misses you. The chaos spawn gores you!
You feel protected.
You hit the kobold demonologist.
The kobold demonologist is heavily wounded.
You closely miss the chaos spawn. You hit the iron imp.
The kobold demonologist gestures wildly while chanting.
The chaos spawn hits you.
* * * LOW HITPOINT WARNING * * *
The chaos spawn freezes you! You resist.
* * * LOW HITPOINT WARNING * * *
The iron imp barely misses you.
A red film seems to cover your vision as you go berserk!
You feel yourself moving faster!
You feel mighty!
The kobold demonologist hits you with a +0 dagger.
* * * LOW HITPOINT WARNING * * *
The chaos spawn hits you!
* * * LOW HITPOINT WARNING * * *
You are engulfed in flames.
You resist.
You die...

#####################
.'..#..'..#__#.4@5K5#
.#..)..#..'..'..#K55#
###'#####'#__####455+
#..#...#.#### ####
_####..##.#
____##'#_.+
.∩...'..._#
..__##_.#'# ___
##+#.#


You could see 2 kobold demonologists, 2 chaos spawn, an iron imp (summoned), 2
quasits, 2 crimson imps and a white imp (summoned).

Vanquished Creatures
  A slime creature (D)
  Sigmund (D)
  A yak (D)
  A floating eye (D)
  An ogre (D)
  A jelly (D)
  Ijyb (D)
7 creatures vanquished.

Notes
Turn   | Place    | Note
-------+----------+-------------------------------------------
     0 | D        | sircluck the Hill Orc Fighter began the quest for the Orb.
     0 | D        | Reached XP level 1. HP: 19/19 MP: 1/1
     1 | D        | Noticed Ijyb
    18 | D        | Killed Ijyb
    19 | D        | Reached skill level 5 in Fighting
    19 | D        | Reached XP level 2. HP: 14/29 MP: 2/2
    19 | D        | Reached XP level 3. HP: 18/36 MP: 3/3
    91 | D        | Noticed an ogre
   104 | D        | Killed an ogre
   105 | D        | Reached XP level 4. HP: 13/45 MP: 4/4
   240 | D        | Noticed Sigmund
   269 | D        | Killed Sigmund
   270 | D        | Reached XP level 5. HP: 35/53 MP: 5/5
   270 | D        | Reached XP level 6. HP: 40/61 MP: 6/6
   350 | D        | Found an ornate altar of the Wu Jian Council.
   350 | D        | Found a shimmering blue altar of Sif Muna.
   352 | D        | Found a radiant altar of Vehumet.
   368 | D        | Found a burning altar of Makhleb.
   368 | D        | Found a viscous altar of Jiyva.
   368 | D        | Found a shimmering altar of Xom.
   368 | D        | Found a corrupted altar of Lugonu.
   368 | D        | Noticed a slime creature
   376 | D        | Killed a slime creature
   377 | D        | Reached skill level 1 in Dodging
   377 | D        | Reached XP level 7. HP: 35/70 MP: 7/7
   381 | D        | Became a worshipper of Makhleb the Destroyer
   401 | D        | Found Cusaf's Assorted Antiques.
   401 | D        | Found an ancient bone altar of Kikubaaqudgha.
   401 | D        | Found a hazy altar of Hepliaklqana.
   401 | D        | Found a stormy altar of Qazlal.
   401 | D        | Found a hide-covered altar of Uskayaw.
   401 | D        | Found a blossoming altar of Fedhas.
   401 | D        | Found a bloodstained altar of Trog.
   401 | D        | Found an iron altar of Okawaru.
   401 | D        | Found a basalt altar of Yredelemnul.
   401 | D        | Found a glowing golden altar of the Shining One.
   401 | D        | Found a snail-covered altar of Cheibriados.
   401 | D        | Found a sacrificial altar of Ru.
   401 | D        | Found a glowing silver altar of Zin.
   401 | D        | Found a shadowy altar of Dithmenos.
   401 | D        | Found a white marble altar of Elyvilon.
   401 | D        | Noticed a yak
   405 | D        | Killed a yak
   406 | D        | Found an opulent altar of Gozag.
   539 | D        | Noticed a kobold demonologist
   539 | D        | Noticed a kobold demonologist
   544 | D        | Reached skill level 10 in Fighting
   544 | D        | Reached skill level 10 in Axes
   544 | D        | Noticed a rust devil
   548 | D        | Noticed a chaos spawn
   555 | D        | Noticed a chaos spawn
   559 | D        | HP: 2/108 [chaos spawn[a kobold demonologist] (12)]
   559 | D        | Slain by a chaos spawn

Illustrated notes

Levels and vault maps discovered:
D:        dungeon_sprint_1 [red_sonja_temple_1, red_sonja_temple_small_1]

Skill      XL: |  1  2  3  4  5  6  7 |
---------------+----------------------+-----
Fighting       | 5 6 8 9 10 | 10.2
Axes           | 3 4 6 8 10 | 10.0
Armour         | 4 6 8 9 |  9.9
Shields        | 4 6 7 8 9 |  9.5
Dodging        | 1 |  1.8

Action                     |  1- 3 |  4- 6 |  7- 9 || total
---------------------------+-------+-------+-------++-------
  Melee: War axe           |    18 |    25 |    22 ||    65
    Use: Potion            |     1 |       |     1 ||     2
 Armour: Scale mail        |     2 |     7 |     7 ||    16
  Dodge: Dodged            |     4 |    10 |    12 ||    26
  Block: Buckler           |     7 |     5 |     3 ||    15

Table legend: (Time is in decaauts)
 A = Elapsed time spent in this place.
 B = Non-inter-level travel time spent in this place.
 C = Inter-level travel time spent in this place.
 D = Time resting spent in this place.
 E = Time spent auto-exploring this place.
 F = Levels seen in this place.
 G = Mean time per level.
                   A        B        C        D        E       F      G
               +--------+--------+--------+--------+--------+-----+--------+
         Total |    572 |    572 |      0 |    158 |    215 |   1 |  572.0 |
       Dungeon |    572 |    572 |      0 |    158 |    215 |   1 |  572.0 |
               +--------+--------+--------+--------+--------+-----+--------+

Top non-repeatable levels by time:
       D: 572 daAuts
